 Dungeon Crawl Stone Soup version 0.31-a0-604-g8e0283293c (webtiles) character file.

Game seed: 11752865992968228373

19772 Flugkiller the Nimble (level 12, -2/129 HPs)
             Began as an Octopode Shapeshifter on Aug 21, 2023.
             Was an Elder of Wu Jian.
             Slain by a skeletal warrior
             ... wielding a +1 halberd of flaming
              (3 damage)
             ... in a volcano.
             The game lasted 00:24:47 (12250 turns).

Flugkiller the Nimble (Octopode Shapeshifter)      Turns: 12250, Time: 00:24:48

Health: -2/129     AC:  1    Str: 14    XL:     12   Next: 72%
Magic:  0/12       EV: 30    Int: 11    God:    Wu Jian [****..]
Gold:   1400       SH:  0    Dex: 19    Spells: 11/11 levels left

rFire   + .          .
                       - Unarmed
rCold   + . .        (no shield)
rNeg    . . .        (helmet restricted)
rPois   .            x - amulet of guardian spirit
rElec   +            k - ring of resist corrosion
rCorr   +            l - ring of the Present {Wiz rElec rF+ Dex+2}
SInv    .            v - +5 ring of evasion
Will    +....        m - ring of willpower Stlth
                     B - +5 ring of evasion
HPRegen 0.41/turn    p - ring of protection from cold
MPRegen 0.13/turn    (no ring)
                     (no ring)

%: guardian spirit, wizardry (x1)
@: berserking, exhausted, maw-form, very quick
A: devouring maw, almost no armour, amphibious, 8 rings, camouflage 1,
gelatinous body 1, (nimble swimmer 1), tentacles
a: Begin Untransformation, Renounce Religion, Wall Jump, Serpent's Lash


You were in a volcano.
You worshipped Wu Jian.
Wu Jian was greatly pleased with you.
You were a creature with a mouth for a stomach.
You visited 2 branches of the dungeon, and saw 13 of its levels.
You also visited: Ossuary and Volcano.

You collected 1400 gold pieces.

Inventory:

Missiles
 F - 2 throwing nets
Jewellery
 k - a ring of resist corrosion (left tentacle)
   (You found it on level 2 of the Dungeon)
 l - the ring of the Present (right tentacle) {Wiz rElec rF+ Dex+2}
   (You found it on level 2 of the Dungeon)

   [ring of wizardry]

   Wiz:       It improves your spell success rate.
   Dex+2:     It affects your dexterity (+2).
   rF+:       It protects you from fire.
   rElec:     It insulates you from electricity.
 m - a ring of willpower (on tentacle)
   (You found it on level 3 of the Dungeon)
 p - a ring of protection from cold (on tentacle)
   (You found it on level 10 of the Dungeon)
 v - a +5 ring of evasion (on tentacle)
   (You found it on level 2 of the Dungeon)
 x - an amulet of guardian spirit (around mantle)
   (You found it on level 11 of the Dungeon)
 B - a +5 ring of evasion (on tentacle)
   (You found it on level 7 of the Dungeon)
Talismans
 b - a beast talisman
 c - a flux talisman
 g - a maw talisman (active)
   (You found it on level 1 of the Dungeon)
Wands
 o - a wand of flame (21)
   (You found it on level 4 of the Dungeon)
 q - a wand of iceblast (15)
   (You found it on level 7 of the Dungeon)
 y - a wand of mindburst (20)
   (You found it on level 5 of the Dungeon)
 G - a wand of quicksilver (34)
   (You found it on level 4 of the Dungeon)
Scrolls
 e - a scroll of acquirement
 h - a scroll of revelation
 n - 2 scrolls of vulnerability
 r - a scroll of butterflies {unknown}
 t - 2 scrolls of teleportation
 u - a scroll of immolation
 w - 2 scrolls of fog
 z - 2 scrolls of blinking
 A - 2 scrolls of enchant armour
 D - 2 scrolls of poison {unknown}
 E - a scroll of amnesia {unknown}
Potions
 a - 4 potions of lignification
 d - a potion of might
 f - 4 potions of mutation
 i - a potion of magic
 j - 3 potions of cancellation
 s - a potion of berserk rage
 C - a potion of ambrosia {unknown}
 I - 3 potions of curing {unknown}
Miscellaneous
 H - a phantom mirror
   (You found it on level 10 of the Dungeon)


   Skills:
 + Level 9.4 Fighting
 + Level 10.7 Dodging
 - Level 1.0 Stealth
 - Level 10.0 Unarmed Combat
 - Level 8.0 Evocations
 - Level 9.0 Shapeshifting


You had 11 spell levels left.
You didn't know any spells.
Your spell library contained the following spells:

 Spells                   Type           Power      Damage    Failure   Level
 Foxfire                  Conj/Fire      0%         2x1d4     14%         1
 Magic Dart               Conj           0%         1d3       14%         1
 Shock                    Conj/Air       0%         1d3       14%         1
 Searing Ray              Conj           0%         2d4       21%         2
 Frozen Ramparts          Ice            0%         1d1       38%         3
 Gell's Gravitas          Tloc           0%         N/A       38%         3
 Inner Flame              Hex/Fire       0%         N/A       38%         3
 Portal Projectile        Hex/Tloc       0%         N/A       38%         3
 Stone Arrow              Conj/Erth      0%         3d7       38%         3
 Summon Guardian Golem    Hex/Summ       0%         N/A       38%         3
 Swiftness                Air            0%         N/A       38%         3
 Teleport Other           Tloc           0%         N/A       38%         3
 Tukima's Dance           Hex            0%         N/A       38%         3
 Airstrike                Air            0%         2d(0-16)  77%         4
 Cause Fear               Hex            0%         N/A       77%         4
 Flame Wave               Conj/Fire      0%         2d4       77%         4
 Fulminant Prism          Conj/Hex       0%         3d5       77%         4
 Iskenderun's Mystic Bla  Conj/Tloc      0%         2d3       77%         4
 Petrify                  Tmut/Erth      0%         N/A       77%         4
 Sticky Flame             Conj/Fire      0%         2d3       77%         4
 Fireball                 Conj/Fire      0%         3d3       98%         5
 Metabolic Englaciation   Hex/Ice        0%         N/A       98%         5
 Dispersal                Tloc           0%         N/A       100%        6
 Orb of Destruction       Conj           0%         9d5       100%        7
 Spellforged Servitor     Conj/Summ      0%         N/A       100%        7
 Lehudib's Crystal Spear  Conj/Erth      0%         10d2      100%        8
 Dragon's Call            Summ           0%         N/A       100%        9
 Animate Armour           Summ/Erth      Unusable   N/A       N/A         4

Dungeon Overview and Level Annotations

Branches:
Dungeon (11/15) Zot: 25364  Temple (0/1) D:4            Lair (2/5) D:8 Zot: 10701
    Orc (0/2) D:9         Ossuary (visited)         Volcano (1/1) Zot: 5506
  Swamp: Lair:2-3    Shoals: Lair:2-3     Snake: Lair:2-3    Spider: Lair:2-3

Altars:
Elyvilon
Fedhas
Gozag
Kikubaaqudgha
Qazlal
Ru
Sif Muna
Trog
Wu Jian
Xom
The Shining One

Shops:
D:2 !   D:8 :

Annotations:
D:5 2 runed translucent doors, DEFE's ghost, novice DESh


Innate Abilities, Weirdness & Mutations

You are a creature with a mouth for a stomach.
Your midsection houses a second, enormous mouth.
You cannot wear most types of armour.
You are amphibious.
You can wear up to eight rings at the same time.
Your skin changes colour to match your surroundings (Stealth+).
Your rubbery body absorbs attacks. (AC +1, EV +1)
((You are camouflaged when in or above water. (Stealth+)))
You have tentacles for arms and can constrict up to eight enemies at once.


Message History

You now have 1388 gold pieces (gained 21).
In the distance, the volcano erupts with a roar.
You now have 1400 gold pieces (gained 12).
You open the door.
A harpy skeleton, a skeletal warrior and an alligator skeleton come into view.
The skeletal warrior is wielding a +1 halberd of flaming.
The harpy skeleton completely misses you. x2
You batter the harpy skeleton!! You grab the harpy skeleton.
You bite the harpy skeleton!
The harpy skeleton is heavily damaged.
You constrict the harpy skeleton.
The harpy skeleton completely misses you.
The harpy skeleton closely misses you. The harpy skeleton misses you.
The harpy skeleton completely misses you.
You tentacle-slap the harpy skeleton. You bite the harpy skeleton!
The harpy skeleton is almost destroyed.
You constrict the harpy skeleton.
The harpy skeleton completely misses you.
The harpy skeleton closely misses you. The harpy skeleton claws you!
The harpy skeleton closely misses you.
The skeletal warrior completely misses you.
You tentacle-slap the harpy skeleton. You squeeze the harpy skeleton.
You destroy the harpy skeleton!
The Council accepts your kill. The skeletal warrior misses you.
You spin and attack the alligator skeleton.
You bludgeon the alligator skeleton! You squeeze the alligator skeleton.
Your bite misses the alligator skeleton.
The alligator skeleton is lightly damaged.
The skeletal warrior misses you.
The alligator skeleton completely misses you. x2
You spin and attack the alligator skeleton repeatedly.
You bludgeon the alligator skeleton! You squeeze the alligator skeleton!
You bite the alligator skeleton!
The alligator skeleton is heavily damaged.
You tentacle-slap the alligator skeleton.
You bite the alligator skeleton.
The alligator skeleton is heavily damaged.
The skeletal warrior misses you.
The alligator skeleton completely misses you.
The alligator skeleton misses you.
You tentacle-slap the alligator skeleton.
You bite the alligator skeleton.
The alligator skeleton is heavily damaged.
The skeletal warrior closely misses you.
The alligator skeleton completely misses you. x2
You batter the alligator skeleton!!
You tentacle-slap the alligator skeleton.
You bite the alligator skeleton!
The alligator skeleton is almost destroyed.
You bludgeon the alligator skeleton!
You destroy the alligator skeleton!
The Council accepts your kill. The skeletal warrior misses you.
Training target 10.0 for Unarmed Combat reached!
Your Unarmed Combat skill increases to level 10!
Your muscles tense, ready for explosive movement...
You lunge with incredible momentum at the skeletal warrior.
You batter the skeletal warrior!! Your grab misses the skeletal warrior.
You squeeze the skeletal warrior, but do no damage.
You bite the skeletal warrior, but do no damage.
The skeletal warrior is moderately damaged.
There is an open door here.
You tentacle-slap the skeletal warrior but do no damage.
You grab the skeletal warrior. You squeeze the skeletal warrior.
You bite the skeletal warrior, but do no damage.
The skeletal warrior is moderately damaged.
You constrict the skeletal warrior.
The skeletal warrior hits you with a +1 halberd of flaming!!
The skeletal warrior burns you.
You release your grip on the skeletal warrior.
You spin and attack the skeletal warrior, with incredible momentum.
You tentacle-slap the skeletal warrior. You grab the skeletal warrior.
You squeeze the skeletal warrior, but do no damage.
You bite the skeletal warrior.
The skeletal warrior is heavily damaged.
Your supernatural speed expires.
You release your grip on the skeletal warrior.
You spin and attack the skeletal warrior.
You tentacle-slap the skeletal warrior. You grab the skeletal warrior.
You bite the skeletal warrior, but do no damage.
The skeletal warrior is heavily damaged.
You constrict the skeletal warrior, but do no damage.
The skeletal warrior closely misses you.
There is an open door, spattered with blood here.
You tentacle-slap the skeletal warrior. You squeeze the skeletal warrior!
Your bite misses the skeletal warrior.
The skeletal warrior is severely damaged.
You constrict the skeletal warrior.
The skeletal warrior hits you with a +1 halberd of flaming!!
* * * LOW HITPOINT WARNING * * *
The skeletal warrior burns you.
* * * LOW HITPOINT WARNING * * *
A red film seems to cover your vision as you go berserk!
You feel yourself moving faster!
You feel mighty!
You constrict the skeletal warrior, but do no damage.
The skeletal warrior hits you with a +1 halberd of flaming!!
* * * LOW HITPOINT WARNING * * *
The skeletal warrior burns you.
You die...

#############
+...#...'...#
#..zW°..#...#
#...#...#...##..
###########.##.# #.##.#
#+####### ##.##.##
#...'...#####......#####
#...#....)...........##.
#.Z #...#####.#..#)###.≈
## ##### #......'....


You could see a skeletal warrior.

Vanquished Creatures
  A two-headed ogre (D:10)
  A boulder beetle (D:11)
  A harpy (D:10)
  4 anaconda skeletons (Volcano)
  2 alligator skeletons (Volcano)
  3 elephants (Lair:1)
  A cyclops (D:11)
  4 gargoyles
  5 cane toads (Lair:1)
  A rime drake (Lair:1)
  A komodo dragon (D:11)
  A troll (D:11)
  A polar bear (Lair:1)
  A harpy skeleton (Volcano)
  Grinder (D:6)
  2 flying skulls (Volcano)
  15 yaks
  3 wyverns
  A vampire (D:7)
  A basilisk (Lair:1)
  Eustachio (D:6)
  A vampire mosquito (D:9)
  3 wraiths (D:11)
  A steam dragon (D:9)
  7 water moccasins
  Pargi (D:3)
  A sky beast (D:6)
  6 black bears
  7 orc warriors
  2 ice beasts (D:8)
  2 ogres
  2 centaurs
  2 phantoms (D:5)
  3 kobold brigands
  An elf zombie (Ossuary)
  10 bullfrogs
  2 gnoll sergeants
  2 scorpions (D:5)
  4 wights (D:9)
  12 killer bees
  4 electric eels (D:10)
  4 howler monkeys
  2 troll skeletons (Volcano)
  3 hounds
  2 jellies
  7 orc priests
  2 sleepcaps
  Ijyb (D:5)
  Natasha (thrice) (D:3)
  14 orc wizards
  3 iguanas
  A naga skeleton (Volcano)
  2 mummies (Ossuary)
  Robin (D:2)
  10 gnolls
  3 adders
  A shadow imp (D:8)
  A white imp (D:3)
  6 worms
  4 dart slugs
  52 orcs
  15 bats
  5 endoplasms
  3 giant cockroaches
  4 gnoll zombies (Ossuary)
  18 goblins
  13 hobgoblins
  4 jackals
  6 quokkas
  2 ball pythons
  5 frilled lizards
  3 goblin zombies (Ossuary)
  4 hobgoblin zombies (Ossuary)
  24 kobolds
  2 orc zombies (Ossuary)
  5 rats
359 creatures vanquished.

Vanquished Creatures (others)
  A human (D:8)
1 creature vanquished.

Grand Total: 360 creatures vanquished

Notes
Turn   | Place    | Note
-------+----------+-------------------------------------------
     0 | D:1      | Flugkiller the Octopode Shapeshifter began the quest for
                  | the Orb.
     0 | D:1      | Reached XP level 1. HP: 13/13 MP: 1/1
    22 | D:1      | Reached skill level 1 in Stealth
    85 | D:1      | Reached XP level 2. HP: 19/19 MP: 2/2
   483 | D:1      | Reached XP level 3. HP: 25/25 MP: 3/3
   763 | D:2      | Noticed Robin
  1006 | D:2      | Reached XP level 4. HP: 28/30 MP: 4/4
  1034 | D:2      | Identified the ring of the Present {Wiz rElec rF+ Dex+2}
  1087 | D:2      | Found a shimmering altar of Xom.
  1154 | D:2      | Killed Robin
  1202 | D:2      | Found Ruash's Distillery.
  1283 | D:2      | Identified a scroll of acquirement
  1687 | D:3      | Found a bloodstained altar of Trog.
  1698 | D:3      | Reached XP level 5. HP: 34/36 MP: 5/5
  1728 | D:3      | Found a shimmering blue altar of Sif Muna.
  1749 | D:3      | Got Sif Muna's Precepts of the Bonfire
  1856 | D:3      | Noticed Natasha
  1865 | D:3      | Killed Natasha
  1876 | D:3      | Noticed Pargi
  1891 | D:3      | Killed Pargi
  1892 | D:3      | Reached XP level 6. HP: 34/42 MP: 6/6
  2004 | D:3      | Noticed Natasha
  2096 | D:3      | Killed Natasha
  2191 | D:3      | Found an ornate altar of the Wu Jian Council.
  2198 | D:3      | Became a worshipper of the Wu Jian Council
  2223 | D:3      | Reached skill level 5 in Shapeshifting
  2342 | D:3      | Noticed Natasha
  2347 | D:3      | Killed Natasha
  2380 | D:3      | Found a blossoming altar of Fedhas.
  2385 | D:3      | Found an opulent altar of Gozag.
  2385 | D:3      | Found a stormy altar of Qazlal.
  2386 | D:3      | Found a sacrificial altar of Ru.
  2747 | D:4      | Found a sand-covered staircase.
  2752 | D:4      | Noticed a black bear
  2762 | D:4      | Killed a black bear
  2763 | D:4      | Reached XP level 7. HP: 43/46 MP: 7/7
  2807 | Ossuary  | Entered an ossuary
  2827 | Ossuary  | Reached * piety under Wu Jian
  3141 | D:4      | Found a staircase to the Ecumenical Temple.
  3486 | D:5      | Entered Level 5 of the Dungeon
  3486 | D:5      | Noticed Ijyb
  3640 | D:5      | Killed Ijyb
  3903 | D:5      | Reached XP level 8. HP: 47/54 MP: 8/8
  3939 | D:5      | Reached skill level 5 in Unarmed Combat
  3939 | D:5      | Reached skill level 1 in Evocations
  4316 | D:6      | Noticed Eustachio
  4336 | D:6      | Killed Eustachio
  4337 | D:6      | Reached skill level 5 in Dodging
  4337 | D:6      | Reached skill level 5 in Evocations
  4356 | D:6      | Reached XP level 9. HP: 38/58 MP: 9/9
  4550 | D:5      | Found a large runed translucent door.
  4550 | D:5      | Found a large runed translucent door.
  4554 | D:5      | Noticed DEFE's ghost (novice DESh)
  4674 | D:6      | Noticed Grinder
  4683 | D:6      | Killed Grinder
  4758 | D:6      | Reached skill level 5 in Fighting
  5090 | D:7      | Reached ** piety under Wu Jian
  5280 | D:7      | Found a white marble altar of Elyvilon.
  5794 | D:8      | Reached XP level 10. HP: 58/68 MP: 10/10
  6147 | D:8      | Found a staircase to the Lair.
  6184 | D:8      | Found Awkuowk's Book Boutique.
  6339 | D:8      | Found an ancient bone altar of Kikubaaqudgha.
  6416 | D:8      | Reached *** piety under Wu Jian
  7264 | D:9      | Found a staircase to the Orcish Mines.
  7298 | D:9      | Reached **** piety under Wu Jian
  7581 | D:9      | Found a glowing golden altar of the Shining One.
  7736 | D:10     | Entered Level 10 of the Dungeon
  7773 | D:10     | Noticed a two-headed ogre
  7884 | D:10     | Noticed a gargoyle
  8098 | D:10     | Killed a gargoyle
  8244 | D:10     | Reached XP level 11. HP: 68/72 MP: 11/11
  8345 | D:10     | Noticed a harpy
  8379 | D:10     | Killed a harpy
  8510 | D:10     | Killed a two-headed ogre
  8782 | D:11     | Noticed a boulder beetle
  9009 | D:11     | Noticed a cyclops
  9016 | D:11     | Killed a cyclops
  9683 | D:11     | Identified the +1 hand axe of Crusades {freeze, rN+ Will+
                  | Str-4}
  9772 | D:11     | Killed a boulder beetle
 10238 | Lair:1   | Entered Level 1 of the Lair of Beasts
 10941 | Lair:1   | Reached XP level 12. HP: 73/82 MP: 8/12
 11648 | Lair:1   | Reached skill level 10 in Dodging
 11737 | Lair:2   | Found a dark tunnel.
 11745 | Volcano  | Entered a volcano
 12247 | Volcano  | Reached skill level 10 in Unarmed Combat
 12250 | Volcano  | HP: 1/129 [skeletal warrior/+1 halberd of flaming (28)]
 12250 | Volcano  | Slain by a skeletal warrior

Illustrated notes

Levels and vault maps discovered:
D:1:      lordsloth_arrival_two_stooges, layout_basic, minmay_split_cup_small
D:2:      layout_rooms, basic_altar, serial_shops, nicolae_shop_peninsula,
          uniq_robin
D:3:      layout_loops_ring, nzn_overflow_gifts_of_might_and_magic,
          mainiacjoe_overflow_small_starburst, grunt_temple_overflow_open,
          uniq_natasha, uniq_pargi
D:4:      layout_rooms, minmay_temple_entry_antechambers, enter_ossuary_3,
          minivault_5
D:5:      layout_basic, ebering_ghost_disaster_area, uniq_ijyb
D:6:      layout_rooms, uniq_eustachio, uniq_grinder
D:7:      layout_rooms, elyvilon_altar_3
D:8:      layout_loops_ring, tgw_kikubaaqudgha, grunt_lair_entry_orc_guard_hut,
          serial_shops, nicolae_lakefront_shop
D:9:      layout_long_grid, mainiacjoe_overflow_brackets, david_orc_5
D:10:     layout_loops_cross, kennysheep_island_fort
D:11:     layout_long_grid, kennysheep_generic_room_9
Lair:1:   layout_cave_pods, minivault_25, nicolae_quartered_pool_super,
          roderic_batcave, serial_bayou_pond_e
Lair:2:   layout_long_grid, lightli_volcano_entry_magma_tube, basic_altar,
          gammafunk_ghost_hydra_chop
Volcano:  volcano_tomb [vts_chambers]

Skill      XL: |  1  2  3  4  5  6  7  8  9 10 11 12 |
---------------+-------------------------------------+-----
Stealth        | 1 |  1.0
Fighting       | 2 3 4 5 6 8 9 |  9.4
Unarmed Combat | 4 5 6 7 8 10 | 10.0
Shapeshifting  | 4 5 6 7 9 |  9.0
Dodging        | 5 6 8 9 10 | 10.7
Evocations     | 5 7 8 |  8.0

Action                     |  1- 3 |  4- 6 |  7- 9 | 10-12 || total
---------------------------+-------+-------+-------+-------++-------
  Melee: Unarmed           |    60 |   126 |   243 |   644 ||  1073
         Constrict         |    21 |    27 |    62 |   127 ||   237
         Tentacles         |    16 |    24 |    79 |   207 ||   326
         Punch             |     2 |     3 |     2 |    40 ||    47
         Maw               |       |       |       |   201 ||   201
 Invoke: Serpent's Lash    |       |       |       |    13 ||    13
Ability: Lunge             |       |     1 |    14 |    46 ||    61
         Whirlwind         |       |       |     4 |    46 ||    50
  Evoke: Wand              |       |     2 |     2 |     6 ||    10
    Use: Scroll            |     2 |     5 |     3 |     9 ||    19
         Potion            |       |     2 |     1 |     9 ||    12
   Stab: Sleeping          |     5 |     7 |     1 |     5 ||    18
         Distracted        |       |       |       |     2 ||     2
 Armour: Skin              |     8 |    14 |     7 |     9 ||    38
  Dodge: Dodged            |    29 |    67 |   176 |   668 ||   940
   Form: Flux              |       |       |     1 |       ||     1
         Maw               |       |       |       |     1 ||     1

Table legend: (Time is in decaauts)
 A = Elapsed time spent in this place.
 B = Non-inter-level travel time spent in this place.
 C = Inter-level travel time spent in this place.
 D = Time resting spent in this place.
 E = Time spent auto-exploring this place.
 F = Levels seen in this place.
 G = Mean time per level.
                   A        B        C        D        E       F      G
               +--------+--------+--------+--------+--------+-----+--------+
         Total |  12143 |  11572 |    571 |   3231 |   5519 |  15 |  809.5 |
       Dungeon |  10224 |   9657 |    567 |   2599 |   4810 |  11 |  929.5 |
          Lair |   1298 |   1295 |      3 |    360 |    593 |   2 |  649.0 |
       Ossuary |    127 |    127 |      0 |      8 |     49 |   1 |  127.0 |
       Volcano |    493 |    493 |      0 |    264 |     67 |   1 |  493.0 |
               +--------+--------+--------+--------+--------+-----+--------+

Top non-repeatable levels by time:
     D:9: 1408 daAuts
    D:11: 1328 daAuts
  Lair:1: 1211 daAuts
     D:8: 1194 daAuts
     D:3: 1101 daAuts
     D:1: 903 daAuts
    D:10: 868 daAuts
     D:4: 864 daAuts
     D:5: 709 daAuts
     D:6: 659 daAuts
     D:2: 609 daAuts
     D:7: 575 daAuts
 Volcano: 493 daAuts
 Ossuary: 127 daAuts
  Lair:2: 87 daAuts
